 Dungeon Crawl Stone Soup version 0.30-a0-867-g305f33218d (webtiles) character file.

Game seed: 9400076741629632514

4238 retardedninja the Protected (level 10, -10/89 HPs)
             Began as an Armataur Fighter on Mar 10, 2023.
             Was an Initiate of Gozag.
             Mangled by an orc warrior
             ... wielding a +0 heavy glaive
              (13 damage)
             ... on level 8 of the Dungeon.
             The game lasted 00:12:15 (10150 turns).

retardedninja the Protected (Armataur Fighter)     Turns: 10150, Time: 00:12:16

Health: -10/89     AC: 13    Str: 25    XL:     10   Next: 9%
Magic:  10/10      EV:  4    Int: 14    God:    Gozag
Gold:   425        SH: 11    Dex: 11    Spells: 9/9 levels left

rFire   . . .      SeeInvis .    k - +6 broad axe (vamp)
rCold   . . .      Faith    .    v - +1 kite shield
rNeg    . . .      Spirit   .    e - +0 plate armour
rPois   .          Reflect  .    o - +0 helmet
rElec   .          Roll     +    (no cloak)
rCorr   .                        (no gloves)
Will    .....                    (no barding) Stlth
                                 (no amulet)
HPRegen 0.34/turn                E - +6 ring of intelligence
MPRegen 0.12/turn                (no ring)

@: invisible
A: large, rugged brown scales 3, deformed body, armoured tail, roll, long
tongue, awkward tongue
a: Renounce Religion, Potion Petition, Call Merchant, Bribe Branch


You were on level 8 of the Dungeon.
You worshipped Gozag.
Gozag was aware of your devotion.
You visited 2 branches of the dungeon, and saw 9 of its levels.
You also visited: Sewer.

You collected 1429 gold pieces.
You spent 923 gold pieces at shops.
You paid 81 gold pieces to Gozag.

Inventory:

Hand Weapons
 k - a +6 vampiric broad axe (weapon)
Missiles
 a - 8 boomerangs (quivered)
Armour
 e - a +0 plate armour (worn)
 o - a +0 helmet (worn)
 v - a +1 kite shield (worn)
Jewellery
 E - a +6 ring of intelligence (left hand)
Wands
 p - a wand of flame (44)
 x - a wand of mindburst (15)
 A - a wand of quicksilver (15)
Scrolls
 d - a scroll of fear
 h - a scroll of immolation
 j - 3 scrolls of teleportation
 l - a scroll of identify
 t - 2 scrolls of poison
Potions
 c - a potion of magic
 f - 3 potions of curing
 g - 2 potions of lignification
 i - a potion of mutation
 n - 2 potions of brilliance
 q - a potion of attraction
 w - a potion of degeneration
 z - 3 potions of resistance
 B - a potion of flight


   Skills:
 + Level 6.6 Fighting
 * Level 8.0 Axes
 + Level 8.7 Armour
 + Level 7.9 Shields


You had 9 spell levels left.
You didn't know any spells.
Your spell library contained the following spells:

 Spells                   Type           Power      Damage    Failure   Level
 Freeze                   Ice            0%         1d3       100%        1
 Cigotuvi's Dreadful Rot  Necr/Pois/Air  0%         N/A       100%        2
 Poisonous Vapours        Pois/Air       0%         N/A       100%        2
 Frozen Ramparts          Ice            0%         1d1       100%        3
 Hailstorm                Conj/Ice       0%         3d3       100%        3
 Ignite Poison            Fire/Tmut/Pois 0%         N/A       100%        3
 Kindle Blastsparks       Fire/Tloc/Air  0%         2d10      100%        3
 Mephitic Cloud           Conj/Pois/Air  0%         N/A       100%        3
 Freezing Cloud           Conj/Ice/Air   0%         6-21      100%        5


Dungeon Overview and Level Annotations

Branches:
Dungeon (8/15)             Temple (1/1) D:4           Sewer (visited)
   Lair: D:8-11

Altars:
Ashenzari
Cheibriados
Dithmenos
Fedhas
Gozag
Hepliaklqana
Kikubaaqudgha
Makhleb
Nemelex Xobeh
Okawaru
Qazlal
Sif Muna
Trog
Vehumet
Wu Jian
Xom
Zin
The Shining One

Shops:
D:4 !   D:6 ?   D:8 (


Innate Abilities, Weirdness & Mutations

You are completely covered in rugged brown scales. (AC +3, +7% HP)
Armour fits poorly on your strangely shaped body.
You have a long armoured tail.
You roll when moving toward enemies. (Rampage)
Your long tongue fully drains potion bottles. (2x potion effects)
Your tongue gives you trouble enunciating. (1.5x scroll delay)


Message History

You block the orc warrior's attack.
Unknown command.
You closely miss the orc warrior. You slash the orc warrior!
The orc warrior hits you with a +0 battleaxe.
You block the orc warrior's attack. x3
Unknown command.
You slash the orc warrior!
You feel better.
You tail-slap the orc warrior.
The orc warrior is severely wounded.
You barely miss the orc warrior. You block the orc warrior's attack.
The orc warrior hits you with a +0 battleaxe!
You block the orc warrior's attack.
Unknown command.
You slice the orc warrior!!
You kill the orc warrior!
You closely miss the orc warrior.
Unknown command.
You block the orc warrior's attack.
The orc warrior hits you from afar with a +0 heavy glaive!
* * * LOW HITPOINT WARNING * * *
Items here: $ ))) [[[.
Unknown command.
The orc warrior is distracted by your dazzling golden aura.
Items here: $ )) [[.
There is a stone staircase leading down here.
The orc warrior is no longer distracted by gold.
You roll towards the orc!
You roll towards the orc!
The orc hits you with a +0 hand axe.
* * * LOW HITPOINT WARNING * * *
Items here: $ )) [[.
You barely miss the orc. You block the orc's attack.
You hit the orc.
You feel better.
The orc is lightly wounded.
You block the orc's attack.
You closely miss the orc warrior.
The orc warrior hits you with a +0 heavy glaive!
* * * LOW HITPOINT WARNING * * *
You barely miss the orc warrior.
Your tail-slap misses the orc warrior.
The orc warrior hits you with a +0 heavy glaive!
You die...
Your body crumbles into a pile of gold.

#............
#..#.#
#.....#######
#..#.## ##....# ##
####.....# ##..##
#?# ........).
#..#
#########.##^#
####...()# ###..#
....ooo#.....#
#..#.## .....#
....oo$oo# #..[...
####.# ....ooo#o#
#....## #.#
.....o.#@# #..####
#.# .....o.#>#
..... # ##.#
.......#.# ###.# #
#..# ########.#
#.# # #.## #.# #.#
# #.# ### #.#
####.##### #.#
##.######.#
#......##. #.#
##.#.##....#
#.##.#.##.
###.###.###...#..#
#.##.#....


You could see an orc warrior (unable to see you) and 3 orcs.

Vanquished Creatures
  A two-headed ogre (D:7)
  A hornet (D:7)
  A steam dragon (D:7)
  Pargi (Sewer)
  3 ice beasts
  3 orc warriors (D:8)
  A sky beast (D:7)
  2 ogres
  4 centaurs
  A phantom (D:5)
  3 bullfrogs
  Blork the orc (D:5)
  3 scorpions
  8 wights (D:8)
  2 electric eels (D:6)
  2 jellies (D:7)
  5 orc priests
  3 hounds
  Natasha (thrice) (D:2)
  5 iguanas
  12 orc wizards
  Robin (D:2)
  10 adders
  2 white imps
  3 ufetubi
  2 worms
  4 dart slugs
  40 orcs
  7 bats
  4 endoplasms
  6 giant cockroaches
  10 goblins
  12 hobgoblins
  3 jackals (D:4)
  5 quokkas
  6 ball pythons
  5 frilled lizards
  4 kobolds
  6 rats
195 creatures vanquished.

Vanquished Creatures (others)
  An orc wizard (D:8)
  An orc (D:7)
  A hobgoblin (D:2)
3 creatures vanquished.

Grand Total: 198 creatures vanquished

Notes
Turn   | Place    | Note
-------+----------+-------------------------------------------
     0 | D:1      | retardedninja the Armataur Fighter began the quest for the
                  | Orb.
     0 | D:1      | Reached XP level 1. HP: 19/19 MP: 1/1
   132 | D:1      | Reached XP level 2. HP: 24/26 MP: 2/2
   533 | D:2      | Reached XP level 3. HP: 31/32 MP: 3/3
   888 | D:2      | Noticed Natasha
   898 | D:2      | Killed Natasha
   899 | D:2      | Reached XP level 4. HP: 27/40 MP: 4/4
  1058 | D:2      | Noticed Natasha
  1073 | D:2      | Killed Natasha
  1397 | D:2      | Noticed Robin
  1409 | D:2      | Reached XP level 5. HP: 48/48 MP: 5/5
  1417 | D:2      | Killed Robin
  1505 | D:2      | Noticed Natasha
  1732 | D:2      | Killed Natasha
  1824 | D:3      | Found a faded altar of an unknown god.
  2201 | D:3      | Reached XP level 6. HP: 40/55 MP: 6/6
  2857 | D:4      | Found Norhem's Distillery.
  2892 | D:4      | Reached skill level 5 in Armour
  2943 | D:4      | Found a staircase to the Ecumenical Temple.
  2953 | D:4      | Found a shimmering altar of Xom.
  3373 | D:4      | Found a glowing drain.
  3389 | Sewer    | Entered a sewer
  3412 | Sewer    | Noticed Pargi
  3430 | Sewer    | Killed Pargi
  3431 | Sewer    | Reached XP level 7. HP: 31/63 MP: 7/7
  4043 | Temple   | Entered the Ecumenical Temple
  4091 | Temple   | Became a worshipper of Gozag Ym Sagoz the Greedy
  4133 | D:5      | Entered Level 5 of the Dungeon
  4142 | D:5      | Reached skill level 5 in Shields
  4774 | D:5      | Noticed Blork the orc
  4782 | D:5      | Killed Blork the orc
  5006 | D:5      | Reached skill level 5 in Axes
  5027 | D:5      | Reached XP level 8. HP: 63/71 MP: 8/8
  5824 | D:6      | Found a broken altar of Ashenzari.
  5837 | D:6      | Found a stormy altar of Qazlal.
  5960 | D:6      | Reached skill level 5 in Fighting
  6392 | D:6      | Found Yripug's Magic Scroll Shoppe.
  7183 | D:7      | Noticed a hornet
  7189 | D:7      | Reached XP level 9. HP: 66/79 MP: 9/9
  7192 | D:7      | Paralysed by a hornet for 1 turns
  7194 | D:7      | Paralysed by a hornet for 1 turns
  7873 | D:7      | Noticed a two-headed ogre
  7886 | D:7      | Killed a two-headed ogre
  8821 | D:8      | Found Adugis's Antique Weapon Boutique.
  9688 | D:6      | Bought a scroll of acquirement for 624 gold pieces
  9688 | D:6      | Acquired 370 gold pieces
  9745 | D:8      | Bought a runed broad axe for 119 gold pieces
  9801 | D:6      | Bought a scroll of enchant weapon for 90 gold pieces
  9801 | D:6      | Bought a scroll of enchant weapon for 90 gold pieces
  9926 | D:8      | Reached XP level 10. HP: 77/88 MP: 10/10
 10149 | D:8      | HP: 3/89 [orc warrior/+0 heavy glaive (14)]
 10150 | D:8      | Mangled by an orc warrior

Illustrated notes

Levels and vault maps discovered:
D:1:      dpeg_arrival_short_road, layout_rooms, amethyst_killhole
D:2:      layout_loops_cross, uniq_natasha, uniq_robin
D:3:      layout_rooms, nicolae_ecumenical_oubliette, kennysheep_generic_room_10
D:4:      layout_loops_ring, old_standard_altar, minmay_temple_entry_statues,
          serial_shops, nicolae_shop_crystal, serial_glass, glass_columns_b,
          glass_columns_c, portal_sewer_entry_f, chequers_serial_rivers_marsh
D:5:      layout_basic, dk_vineyard_2, serial_bayou_pond_a, uniq_blork_the_orc
D:6:      layout_gridville, nicolae_overflow_squiral, serial_shops,
          nicolae_shop_advertising_works [nicolae_subvault_shop_adworks],
          minmay_misc_feat_iff, hangedman_abyss_or_decor_stagger
D:7:      layout_basic
D:8:      layout_loops_ring, special_room [special_room_orc], serial_shops,
          nicolae_diamond_shop
Temple:   hellmonk_temple_of_storms

Skill      XL: |  1  2  3  4  5  6  7  8  9 10 |
---------------+-------------------------------+-----
Axes           | 2 3 4 5 6 7 8 |  8.0
Armour         | 4 5 6 7 8 |  8.7
Fighting       | 3 4 5 6 |  6.6
Shields        | 4 5 6 7 |  7.9

Action                     |  1- 3 |  4- 6 |  7- 9 | 10-12 || total
---------------------------+-------+-------+-------+-------++-------
  Melee: War axe           |    81 |    90 |       |       ||   171
         Tailslap          |     6 |    24 |    32 |     1 ||    63
         Broad axe         |       |   113 |   288 |    30 ||   431
  Throw: Boomerang         |       |    18 |       |       ||    18
  Evoke: Wand              |       |     2 |     8 |       ||    10
    Use: Potion            |     1 |     1 |     7 |     2 ||    11
         Scroll            |       |     6 |    24 |       ||    30
   Stab: Invisible         |       |       |     4 |     1 ||     5
 Armour: Scale mail        |    31 |    42 |       |       ||    73
         Chain mail        |       |   113 |   166 |       ||   279
         Plate armour      |       |       |    29 |     5 ||    34
  Dodge: Dodged            |    30 |    57 |    91 |     5 ||   183
  Block: Buckler           |    18 |    29 |       |       ||    47
         Kite shield       |       |    43 |   155 |    21 ||   219

Table legend: (Time is in decaauts)
 A = Elapsed time spent in this place.
 B = Non-inter-level travel time spent in this place.
 C = Inter-level travel time spent in this place.
 D = Time resting spent in this place.
 E = Time spent auto-exploring this place.
 F = Levels seen in this place.
 G = Mean time per level.
                   A        B        C        D        E       F      G
               +--------+--------+--------+--------+--------+-----+--------+
         Total |  10436 |   9993 |    443 |   4340 |   3908 |  10 | 1043.6 |
       Dungeon |   9972 |   9563 |    409 |   4037 |   3855 |   8 | 1246.5 |
        Temple |     69 |     35 |     34 |      0 |     22 |   1 |   69.0 |
         Sewer |    395 |    395 |      0 |    303 |     31 |   1 |  395.0 |
               +--------+--------+--------+--------+--------+-----+--------+

Top non-repeatable levels by time:
     D:7: 1887 daAuts
     D:5: 1596 daAuts
     D:8: 1596 daAuts
     D:2: 1299 daAuts
     D:3: 1108 daAuts
     D:6: 1074 daAuts
     D:4: 864 daAuts
     D:1: 544 daAuts
   Sewer: 395 daAuts
  Temple: 69 daAuts
